AoeStats
← GUNGORYES

Black Forest

509453006Analyzed
4v4 RM · 5d ago on Sep 26, 2026· 48m 41s· 8 players
Game mode
Random Map
Map size
Large (8 player)
Population
200
Speed
Normal
Resources
Standard
Victory
Conquest
Starting age
Dark Age
Ending age
Imperial Age
RankedLock teamsTeams togetherTeam positionsShared explorationLock speedFull tech treeHidden civsTurbo modeCheats
Victory
Defeat
🇬🇧 Saracens · United Kingdom
888
+14
🇺🇸 Saxons · United States
884
+14
🇹🇷 Japanese · Türkiye
874
+15
🇺🇸 Varangians · United States
867
+15
🇹🇷 Franks · Türkiye
1000
-64
🇹🇷 Portuguese · Türkiye
823
-14
🇹🇷 Khmer · Türkiye
823
-14
🇹🇷 Turks · Türkiye
739
-10
Ratbass
1:11 Loom
12:44 Feudal Age
17:12 Castle Age
16:24 Double-Bit Axe
16:36 Horse Collar
23:37 Wheelbarrow
22:49 Town Watch
24:06 Squires
23:52 Gambesons
25:33 Scale Mail Armor
25:44 Forging
27:29 Hand Cart
27:18 Pikeman
28:14 Fishing Lines
30:58 Iron Casting
30:39 Chain Mail Armor
33:09 Gold Mining
33:11 Stone Mining
34:16 Gillnets
37:57 Imperial Age
35:37 Heavy Plow
35:47 Caravan
36:16 Fletching
37:17 Gold Shaft Mining
38:02 Capped Ram
38:09 Halberdier
39:21 Plate Mail Armor
39:20 Arson
38:57 Elite Varangian Guard
39:22 Siege Ram
44:26 Bodkin Arrow
| Hooligan |
1:48 Loom
11:45 Feudal Age
19:08 Horse Collar
21:30 Castle Age
20:50 Forging
20:36 Fletching
20:45 Double-Bit Axe
21:41 Crossbowman
24:05 Wheelbarrow
30:39 Thumb Ring
31:22 Bodkin Arrow
32:44 Bow Saw
35:25 Imperial Age
34:12 Hand Cart
35:28 Bimaristan
36:18 Iron Casting
35:44 Padded Archer Armor
37:19 Fortified Wall
37:30 Ballistics
38:10 Chemistry
39:00 Two-Man Saw
37:55 Elite Mameluke
40:37 Blast Furnace
40:37 Bracer
42:30 Husbandry
42:41 Bloodlines
45:38 Gold Mining
45:38 Stone Mining
45:59 Town Watch
46:35 Leather Archer Armor
46:26 Scale Barding Armor
48:42 Counterweights
Kurt_Ruslin
5:53 Loom
15:14 Feudal Age
15:21 Feudal Age
16:15 Double-Bit Axe
16:38 Horse Collar
21:35 Castle Age
22:06 Fletching
22:17 Padded Archer Armor
22:29 Forging
22:25 Scale Barding Armor
23:07 Bow Saw
26:13 Husbandry
26:24 Bloodlines
26:39 Town Watch
27:33 Wheelbarrow
28:08 Elite Skirmisher
29:20 Heavy Plow
29:04 Fishing Lines
33:44 Gold Mining
33:46 Stone Mining
33:33 Light Cavalry
34:54 Leather Archer Armor
34:34 Bodkin Arrow
34:43 Gillnets
35:25 Ballistics
35:49 Chain Barding Armor
36:13 Hand Cart
43:27 Imperial Age
41:50 Scale Mail Armor
42:26 Iron Casting
44:07 Town Patrol
44:47 Elite Varangian Guard
45:28 Squires
45:14 Gambesons
45:15 Arson
45:54 Conscription
45:00 Elite Jarl
47:38 Plate Barding Armor
48:04 Blast Furnace
47:20 Chain Mail Armor
47:08 Bracer
47:39 Ring Archer Armor
Garp
10:30 Feudal Age
13:35 Fishing Lines
18:15 Castle Age
17:35 Double-Bit Axe
21:08 Bow Saw
22:29 Gillnets
23:01 Horse Collar
24:09 Caravan
24:39 Coinage
24:56 Wheelbarrow
26:47 Hand Cart
26:46 Heavy Plow
27:18 Gold Mining
27:24 Stone Mining
29:23 Town Watch
32:17 Imperial Age
30:42 Gold Shaft Mining
30:55 Coinage
30:48 Town Patrol
31:28 Ballistics
31:01 Guard Tower
31:07 Fletching
31:51 Yasama
32:43 Masonry
32:44 Fortified Wall
32:30 Murder Holes
34:13 Parthian Tactics
33:55 Thumb Ring
35:05 Two-Man Saw
34:15 Elite Samurai
34:59 Heavy Cavalry Archer
36:04 Kataparuto
37:05 Banking
36:39 Padded Archer Armor
36:34 Bodkin Arrow
36:42 Scale Mail Armor
36:52 Forging
37:48 Chemistry
41:06 Elite Samurai
42:25 Onager
47:08 Pikeman
47:48 Squires
49:06 Leather Archer Armor
48:51 Bracer
49:07 Chain Mail Armor
49:27 Iron Casting
48:58 Scale Barding Armor
49:32 Keep
48:42 Arrowslits
48:39 Treadmill Crane
tirsinulan
16:44 Feudal Age
17:19 Loom
17:28 Double-Bit Axe
17:37 Gold Mining
17:38 Stone Mining
20:55 Wheelbarrow
25:06 Castle Age
26:37 Forging
26:58 Bow Saw
27:06 Hand Cart
27:23 Scale Mail Armor
28:26 Scale Barding Armor
34:52 Town Watch
38:22 Imperial Age
37:53 Gold Shaft Mining
39:12 Chain Mail Armor
39:33 Iron Casting
39:20 Chain Barding Armor
40:25 Chemistry
39:51 Ballistics
40:09 Arson
42:12 Plate Barding Armor
41:01 Cavalier
45:56 Siphons
45:44 Heavy Scorpion
yesilyurt29
0:34 Loom
15:05 Feudal Age
17:14 Wheelbarrow
16:45 Double-Bit Axe
16:44 Horse Collar
16:56 Stone Mining
17:00 Gold Mining
20:05 Castle Age
18:27 Gold Mining
19:04 Stone Mining
21:08 Bow Saw
21:38 Hand Cart
22:02 Heavy Plow
27:49 Gold Shaft Mining
32:06 Imperial Age
31:08 Stone Shaft Mining
30:38 Tusk Swords
31:36 Caravan
32:22 Forging
32:14 Scale Mail Armor
33:18 Crop Rotation
33:13 Conscription
34:22 Heavy Scorpion
36:08 Chemistry
38:20 Double Crossbow
39:41 Capped Ram
40:26 Siege Ram
42:52 Iron Casting
42:33 Chain Mail Armor
44:26 Elite Battle Elephant
GUNGORYES
2:23 Loom
14:47 Feudal Age
16:08 Wheelbarrow
15:22 Double-Bit Axe
15:21 Horse Collar
15:42 Gold Mining
15:46 Stone Mining
24:26 Castle Age
27:51 Light Cavalry
31:33 Bow Saw
32:57 Bloodlines
33:19 Hand Cart
33:28 Heavy Plow
34:31 Scale Barding Armor
34:27 Scale Mail Armor
35:18 Stone Shaft Mining
35:53 Fortified Wall
38:52 Pikeman
40:10 Town Watch
44:55 Imperial Age
43:30 Pikeman
ysf5353
0:26 Loom
15:43 Feudal Age
17:10 Wheelbarrow
16:29 Horse Collar
17:51 Fishing Lines
18:02 Double-Bit Axe
21:11 Town Watch
24:39 Castle Age
22:32 Gold Mining
22:32 Stone Mining
22:43 Stone Mining
25:38 Hand Cart
25:36 Bow Saw
25:22 Gillnets
27:49 Squires
27:35 Arson
29:37 Gold Shaft Mining
29:23 Man-at-Arms
33:03 Sipahi
33:44 Town Patrol
34:16 Long Swordsman
35:24 Fortified Wall
35:10 Murder Holes
39:13 Imperial Age
38:39 Padded Archer Armor
38:39 Scale Mail Armor
39:57 Fletching
40:22 Leather Archer Armor
40:08 Scale Mail Armor
39:59 Treadmill Crane
40:10 Guard Tower
42:00 Caravan
42:10 Scale Barding Armor
42:16 Forging
44:22 Bombard Tower
43:48 Arrowslits
44:46 Heated Shot
Connection lost

Rejoining the realm…

Still unreachable

The connection could not be restored.

Session expired

The server has moved on; the page needs a fresh start.